 Dungeon Crawl Stone Soup version 0.20.1-1-g8b1a95d (webtiles) character file.

563710 Monsterracer the Skullcrusher (level 27, -10/235 HPs)
             Began as a Human Fighter on Sept 15, 2017.
             Was the Champion of Ru.
             Killed from afar by an electric golem (43 damage)
             ... with a bolt of lightning
             ... on level 5 of the Realm of Zot.
             The game lasted 02:39:11 (66397 turns).

Monsterracer the Skullcrusher (Human Fighter)      Turns: 66397, Time: 02:39:12

Health: -10/235    AC: 47    Str: 33    XL:     27
Magic:  20/20      EV: 17    Int: 10    God:    Ru [******]
Gold:   2931       SH: 31    Dex: 20    Spells: 26/26 levels left

rFire    + . .     SeeInvis .   a - +9 morningstar (vamp)
rCold    + . .     Gourm    .   v - +2 large shield {rF+}
rNeg     . . .     Faith    .   p - +8 plate armour {rF+}
rPois    .         Spirit   .   H - +2 helmet
rElec    .         Reflect  +   c - +2 cloak
rCorr    .         Harm     .   N - +2 pair of gloves {archery}
MR       ++...     Clarity  +   (no boots) Stlth ..........Rnd*Tele +
                                g - +5 amulet of reflection
Regen    0.5/turn               J - ring "Bauvvuy" {Ice Str+4 Dex+4}
MPRegen  0.2/turn               P - ring of Robustness {AC+8}

@: no potions
A: icy blue scales 1, thin skeletal structure 1, blurry vision 1, clarity, low
mp 1, strong 1, teleportitis 1, inability to drink while threatened, no stealth,
inability to use devices, no charms magic, no earth magic, no necromancy magic,
disrupted magic 2
}: 3/15 runes: barnacled, slimy, gossamer
a: Draw Out Power, Power Leap, Apocalypse, Renounce Religion


You were on level 5 of the Realm of Zot.
You worshipped Ru.
Ru was exalted by your worship.
You were full.

You visited 10 branches of the dungeon, and saw 52 of its levels.
You also visited: Ossuary and Ice Cave.

You collected 5785 gold pieces.
You spent 2854 gold pieces at shops.

Inventory:

Hand Weapons
 a - a +9 vampiric morningstar (weapon)
 b - a +5 demon whip of freezing
Armour
 c - a +2 cloak (worn)
 p - a +8 plate armour of fire resistance (worn)
 v - a +2 large shield of fire resistance (worn)
 H - a +2 helmet (worn)
 N - a +2 pair of gloves of archery (worn)
Jewellery
 g - a +5 amulet of reflection (around neck)
 h - an uncursed ring of protection from cold
 j - the ring "Surilisi" {Fire rPois}
   (You found it on level 10 of the Dungeon)

   [ring of fire]

   It enhances your fire magic.
   It protects you from fire.
   It makes you vulnerable to cold.
   It protects you from poison.
 n - an uncursed ring of positive energy
 J - the ring "Bauvvuy" (left hand) {Ice Str+4 Dex+4}
   (You found it in an ice cave)

   [ring of ice]

   It enhances your ice magic.
   It affects your strength (+4).
   It affects your dexterity (+4).
   It makes you vulnerable to fire.
   It protects you from cold.
 M - an uncursed ring of resist corrosion
 P - the ring of Robustness (right hand) {AC+8}
   (You took it off a deep elf elementalist on level 4 of the Depths)

   [ring of protection]

   It affects your AC (+8).
Scrolls
 e - 7 scrolls of identify
 i - 2 scrolls of magic mapping
 o - 10 scrolls of fog
 q - 9 scrolls of teleportation
 t - 7 scrolls of fear
 y - 6 scrolls of blinking
 B - 15 scrolls of remove curse
 E - 4 scrolls of summoning
Potions
 d - 7 potions of heal wounds
 f - 2 potions of berserk rage
 k - 3 potions of resistance
 l - 5 potions of brilliance
 r - 9 potions of flight
 w - 5 potions of haste
 x - a potion of agility
 z - 5 potions of magic
 A - 3 potions of cancellation
 C - 13 potions of curing
 G - 7 potions of ambrosia
 I - 4 potions of invisibility
Comestibles
 m - 15 bread rations
 D - 24 royal jellies
 F - 14 meat rations


   Skills:
 * Level 23.1 Fighting
 O Level 27 Maces & Flails
 + Level 17.4 Armour
 + Level 13.6 Dodging
 + Level 17.3 Shields


You had 26 spell levels left.
You didn't know any spells.

Dungeon Overview and Level Annotations

Branches:
Dungeon (15/15)            Temple (1/1) D:6            Lair (6/6) D:10
 Shoals (4/4) Lair:4       Spider (4/4) Lair:4        Slime (5/5) Lair:6
    Orc (2/2) D:12            Elf (0/3) Orc:2        Vaults (5/5) D:13
  Crypt (0/3) Vaults:3     Depths (5/5) D:15            Zot (5/5) Depths:5

Altars:
Ashenzari
Cheibriados
Dithmenos
Elyvilon
Fedhas
Gozag
Hepliaklqana
Kikubaaqudgha
Makhleb
Nemelex Xobeh
Okawaru
Qazlal
Ru
Sif Muna
Trog
Uskayaw
Vehumet
Yredelemnul
Zin
The Shining One
Beogh
Jiyva
Lugonu

Shops:
D:13 %}   D:14 ?   Orc:1 *   Orc:2 }:!:[[   Depths:4 !

Portals:
Hell: Depths:1 Depths:2 Depths:3 Depths:4 Depths:5
Abyss: Depths:4 Depths:5
Pandemonium: Depths:3 Depths:4
Ziggurat: Depths:2


Innate Abilities, Weirdness & Mutations

Your magical capacity is low. (-10% MP)
You cannot drink potions while threatened.
You cannot be stealthy.
You cannot study or use magical devices.
You cannot study or cast Charms magic.
You cannot study or cast Earth magic.
You cannot study or cast Necromancy magic.
Your casting is disrupted.
You are partially covered in icy blue scales. (AC +2)
You have a somewhat thin skeletal structure. (Dex +2, Stealth)
Scrolls take you a little longer to read.
You possess an exceptional clarity of mind.
Your muscles are strong. (Str +2)
You are occasionally teleported next to monsters.


Message History

The electric golem hurls lightning at you.
The bolt of lightning misses you.
The electric golem crackles and sizzles.
The electric golem hurls lightning at you.
The bolt of lightning misses you.
The electric golem crackles and sizzles.
You bludgeon the electric golem!!
The electric golem is heavily damaged.
The electric golem hurls lightning at you.
The bolt of lightning hits you!
* * * LOW HITPOINT WARNING * * *
The bolt of lightning hits you!
* * * LOW HITPOINT WARNING * * *
The bolt of lightning hits the electric golem.
The electric golem completely resists.
Huge Dmg: -24%(-57hp) hp: 15%(33hp) Unknown command.
The electric golem hurls lightning at you.
The bolt of lightning hits you!
You die...

......,,,,,,*** ***,,
D†....,,,**** *** ##▓▓▓▓#▓▓▓▓▓▓#
#▓▓▓ ......)..))†.### ###..^
†........##....## ##..^.#
)^........###...###########...###
..........^###.....^.........##*,
.....^.....# ##.8.).........## *,
...........# #.@...........# *,
..^^.......# ##...........## *,
....^...^..# #...........# *,
...^.......# ##...(....:..## *,
.^.^....^.## #.............# **
.........## *#.............#* *
........## *...............#
#########▓▓▓ *#######.########*▓*
...........#### #)# *..#,(.,


You could see an electric golem.

Vanquished Creatures
  the Royal Jelly (Slime:5)
  An orb of fire (Zot:5)
  2 ancient liches (Zot:5)
  A juggernaut (Depths:4)
  Saint Roka (Depths:1)
  5 caustic shrikes (Depths:3)
  A Killer Klown (Zot:3)
  3 golden dragons
  2 liches
  A deep elf blademaster (Depths:2)
  14 tentacled monstrosities
  2 titans (Depths:4)
  10 Orb Guardians (Zot:5)
  3 quicksilver dragons
  19 acid blobs
  A kraken (Shoals:2)
  6 sphinxes
  3 death cobs
  7 storm dragons
  A storm dragon (shapeshifter) (Depths:2)
  A revenant (Vaults:3)
  The ghost of vineage the Peltast, an adept GrFi of Okawaru (Vaults:1)
  2 draconian monks (Zot:3)
  5 tengu reavers
  3 shadow dragons
  10 azure jellies
  2 iron dragons (Depths:2)
  8 fire giants
  17 frost giants
  A deep elf sorcerer (Depths:3)
  Ilsuiw (Shoals:4)
  2 draconian knights
  6 ghost moths
  3 orc warlords
  11 vault wardens
  10 emperor scorpions
  4 draconian scorchers
  3 draconian shifters
  A deep elf elementalist (Depths:4)
  A spriggan defender (Depths:3)
  5 draconian annihilators
  4 draconian stormcallers
  4 vampire knights
  4 entropy weavers
  A war gargoyle (Vaults:1)
  3 very ugly things (Depths:4)
  8 stone giants
  14 ironheart preservers
  7 black draconians
  9 spark wasps
  2 grey draconians (Depths:5)
  8 green draconians
  7 deep elf annihilators
  6 dire elephants (Lair:6)
  5 yellow draconians
  10 purple draconians
  A red draconian (Zot:4)
  7 white draconians
  11 ettins
  6 merfolk javelineers
  3 deep elf death magi
  A crystal guardian (Depths:2)
  6 death oozes (Slime:5)
  4 fire dragons
  A fire dragon (shapeshifter) (Depths:2)
  2 deep elf high priests (Vaults:5)
  5 rakshasas
  9 merfolk impalers
  42 vault guards
  6 great orbs of eyes
  A catoblepas (shapeshifter) (Depths:3)
  An alligator snapping turtle (Shoals:4)
  8 yaktaur captains
  7 ice dragons
  2 juggernaut simulacra (Depths:2)
  11 hydras
  5 spriggan air magi
  18 ogre magi
  11 centaur warriors
  6 merfolk aquamancers
  2 death knights
  4 merfolk avatars
  2 dancing weapons
  2 catoblepae
  10 deep troll shamans
  4 tengu warriors
  An anaconda (Lair:6)
  52 two-headed ogres
  A satyr (Shoals:4)
  11 deep troll earth magi
  A queen ant (D:10)
  3 death yaks
  An orc high priest (Orc:2)
  A vampire mage (Vaults:3)
  15 hell knights
  A spriggan berserker (Depths:3)
  10 iron trolls
  A shadow wraith (Vaults:4)
  A fire crab (shapeshifter) (Vaults:1)
  3 deep elf knights
  A sea snake (shapeshifter) (Depths:2)
  4 skeletal warriors (Vaults:1)
  7 sea snakes
  37 deep trolls
  4 flayed ghosts
  3 swamp dragons (Depths:5)
  An unseen horror (D:12)
  13 ironbrand convokers
  4 wizards
  4 phantasmal warriors
  3 glowing orange brains
  6 orc knights
  16 harpies
  9 deep elf archers
  2 shadow demons (D:8)
  A wolf spider zombie (D:15)
  Pikel (D:4)
  15 deep elf magi
  5 necromancers
  A harpy (shapeshifter) (D:15)
  6 orc sorcerers
  A shining eye (shapeshifter) (Vaults:3)
  19 orb spiders
  19 ugly things
  A faun (shapeshifter) (Vaults:5)
  4 oklob plants (Lair:6)
  11 manticores
  14 fauns
  A frost giant zombie (Vaults:3)
  32 wolf spiders
  A shining eye (Slime:5)
  A cyclops (shapeshifter) (Depths:3)
  11 cyclopes
  13 elephants
  15 vault sentinels
  9 merfolk sirens
  6 centaur zombies
  A black mamba (shapeshifter) (Depths:2)
  3 eyes of devastation
  An ice statue (IceCv)
  2 gargoyles
  10 moths of wrath
  2 black mambas
  4 water nymphs
  12 spiny frogs
  2 torpor snails
  A yaktaur zombie (Vaults:3)
  2 rime drakes (Lair:6)
  5 freezing wraiths
  A yaktaur (shapeshifter) (Vaults:2)
  3 tengu conjurers
  A rime drake (shapeshifter) (Vaults:3)
  7 komodo dragons
  48 yaktaurs
  3 kobold demonologists (D:13)
  An efreet (D:13)
  2 merfolk (shapeshifter)
  10 demonic crawlers
  3 meliai
  24 jumping spiders
  A tengu simulacrum (Vaults:3)
  5 wind drakes
  11 trolls
  A tyrant leech (shapeshifter) (Vaults:1)
  20 polar bears
  A wind drake (shapeshifter) (D:15)
  7 hornets
  28 merfolk
  77 slime creatures
  A jumping spider (shapeshifter) (Vaults:1)
  2 raiju (shapeshifter)
  10 snapping turtles
  5 dream sheep (Shoals:4)
  13 hippogriffs
  A flying skull (Vaults:3)
  A snapping turtle (shapeshifter) (Vaults:2)
  A stone giant simulacrum (Vaults:3)
  17 blink frogs
  2 air elementals (Depths:3)
  26 water elementals
  Sigmund (D:2)
  83 redbacks
  5 shadows
  25 tarantellas
  52 yaks
  3 spriggans
  4 basilisks
  A wraith (Vaults:1)
  A vampire (D:15)
  6 wyverns
  3 humans (D:6)
  4 golden eyes (Slime:5)
  9 hungry ghosts
  9 wargs
  22 soldier ants
  3 acid dragons
  A hydra simulacrum (Depths:2)
  9 water moccasins
  4 ice beasts
  A floating eye (Slime:5)
  5 porcupines
  A hornet zombie (D:15)
  37 orc warriors
  4 sky beasts
  2 black bears
  A black bear (shapeshifter) (D:13)
  4 phantoms
  5 eyes of draining
  2 necrophages
  An elf zombie (Vaults:3)
  The ghost of Monsterracer the Slasher, an amateur BaFi of Ashenzari (D:3)
  60 ogres
  11 boggarts
  44 wolves
  18 crocodiles
  17 centaurs
  A crocodile (shapeshifter) (Vaults:3)
  A human zombie (Vaults:2)
  4 big kobolds
  2 wyvern zombies
  20 bullfrogs
  A water moccasin zombie (Ossuary)
  3 scorpions
  A water moccasin skeleton (D:7)
  14 killer bees
  13 wights
  An elf simulacrum (Vaults:3)
  4 howler monkeys
  2 electric eels (Spider:1)
  6 crimson imps
  2 bullfrog zombies
  2 human simulacra
  A quasit (D:9)
  10 hounds
  17 orc wizards
  2 bullfrog skeletons
  19 orc priests
  8 centaur skeletons
  3 iguanas
  An iron imp (Depths:3)
  6 jellies
  4 hell rats
  An iguana (shapeshifter) (D:13)
  31 worker ants
  2 yak simulacra (D:13)
  3 polar bear simulacra (D:13)
  2 wolf simulacra (D:13)
  3 big kobold zombies (Ossuary)
  2 mummies (Ossuary)
  12 gnolls
  A howler monkey skeleton (D:7)
  A howler monkey zombie (D:7)
  9 adders
  8 shadow imps
  13 white imps
  An ooze (D:6)
  6 adder zombies
  5 worms
  A dart slug (D:2)
  6 leopard geckos
  114 orcs
  7 bats
  3 giant cockroaches
  A gnoll zombie (Ossuary)
  6 goblins
  5 hobgoblins
  7 jackals
  3 quokkas
  2 ball pythons
  9 frilled lizards
  5 hobgoblin zombies (Ossuary)
  A jackal skeleton (D:6)
  18 kobolds
  3 kobold zombies (Ossuary)
  7 orc zombies (Ossuary)
  A quokka zombie (D:5)
  8 rats
  4 river rat simulacra (D:13)
  18 plants
  4 tentacles
2192 creatures vanquished.

Vanquished Creatures (others)
  A Killer Klown (Zot:5)
  A golden dragon (Depths:5)
  A lich (Depths:1)
  A deep elf master archer (Depths:2)
  A quicksilver dragon (Zot:1)
  A sphinx (shapeshifter) (Vaults:1)
  A kraken (Shoals:3)
  A shadow dragon (Depths:5)
  A fire giant (Depths:2)
  A draconian knight (Zot:3)
  A vault warden (Vaults:5)
  2 ironheart preservers
  A stone giant (Depths:3)
  An entropy weaver (Spider:2)
  A deep elf demonologist (Depths:3)
  A spark wasp (Depths:2)
  A purple draconian (Depths:5)
  A merfolk javelineer (Depths:5)
  An ettin (Depths:2)
  A yaktaur captain (Vaults:3)
  An ice dragon (Depths:1)
  A merfolk impaler (Shoals:4)
  A hydra (Lair:6)
  A vault guard (D:13)
  A satyr (Shoals:3)
  4 centaur warriors
  2 deep troll shamans
  A skeletal warrior (Vaults:1)
  2 deep trolls
  A human zombie (Vaults:2)
  An ironbrand convoker (Vaults:3)
  A harpy (Shoals:2)
  A faun (Shoals:2)
  A manticore (Shoals:2)
  An ugly thing (Vaults:3)
  A deep elf mage (Vaults:1)
  2 moths of wrath
  An eye of devastation (Slime:5)
  2 freezing wraiths
  14 yaktaurs
  A troll (Orc:2)
  2 jumping spiders
  3 slime creatures
  4 redbacks
  3 tarantellas
  A water elemental (Depths:4)
  An orc warrior (Vaults:2)
  2 ogres
  A boggart (Vaults:1)
  14 centaurs
  A wolf (Lair:3)
  A crocodile (Lair:4)
  A wyvern zombie (D:11)
  3 gnolls (D:6)
  4 orcs
  A hobgoblin (D:11)
  2 kobolds (D:13)
  A crawling corpse (Vaults:5)
  3 fungi
  17 plants
  12 tentacles
139 creatures vanquished.

Grand Total: 2331 creatures vanquished

Notes
Turn   | Place    | Note
-------+----------+-------------------------------------------
     0 | D:1      | Monsterracer the Human Fighter began the quest for the Orb.
     0 | D:1      | Reached XP level 1. HP: 18/18 MP: 1/1
    61 | D:1      | Reached XP level 2. HP: 14/24 MP: 2/2
   409 | D:1      | Reached skill level 3 in Maces & Flails
   552 | D:1      | Reached XP level 3. HP: 29/29 MP: 3/3
   901 | D:2      | Noticed Sigmund
   908 | D:2      | HP: 14/29 [Sigmund/scythe (10)]
   909 | D:2      | HP: 5/29 [Sigmund/magic dart (10)]
   910 | D:2      | Killed Sigmund
   910 | D:2      | Reached skill level 5 in Maces & Flails
   910 | D:2      | Reached XP level 4. HP: 6/35 MP: 4/4
   910 | D:2      | Reached XP level 5. HP: 7/41 MP: 5/5
  1129 | D:2      | HP: 19/41 [dart slug/slug dart (7)]
  1426 | D:2      | Reached XP level 6. HP: 43/47 MP: 6/6
  1732 | D:2      | Found a faded altar of an unknown god.
  1747 | D:2      | Became a worshipper of Dithmenos the Shadowed
  1747 | D:2      | Reached * piety under Dithmenos
  2165 | D:3      | Found a blossoming altar of Fedhas.
  2165 | D:3      | Found a shadowy altar of Dithmenos.
  2171 | D:3      | Found a hide-covered altar of Uskayaw.
  2221 | D:3      | Noticed a phantom
  2473 | D:3      | Noticed Monsterracer's ghost (amateur BaFi)
  2502 | D:3      | Killed a phantom
  2502 | D:3      | Reached skill level 6 in Maces & Flails
  2730 | D:3      | HP: 20/47 [Monsterracer's ghost (5)]
  2733 | D:3      | Killed Monsterracer's ghost
  2733 | D:3      | Reached skill level 1 in Dodging
  2733 | D:3      | Reached XP level 7. HP: 22/52 MP: 7/7
  2944 | D:3      | Found a sparkling altar of Nemelex Xobeh.
  3030 | D:3      | Reached ** piety under Dithmenos
  3257 | D:3      | Found an opulent altar of Gozag.
  3258 | D:3      | Found a glowing silver altar of Zin.
  3843 | D:4      | Noticed Pikel
  3881 | D:4      | Killed Pikel
  3881 | D:4      | Reached skill level 7 in Maces & Flails
  3881 | D:4      | Reached XP level 8. HP: 57/61 MP: 8/8
  3969 | D:4      | Found a bloodstained altar of Trog.
  4097 | D:4      | Got a jasper-encrusted leather armour
  4108 | D:4      | Identified the +0 leather armour of Xom's Scorn {+Inv} (You found it on level 4 of the Dungeon)
  4336 | D:4      | Learned a level 1 spell: Apportation
  4673 | D:5      | Entered Level 5 of the Dungeon
  4824 | D:5      | Reached XP level 9. HP: 67/67 MP: 9/9
  4890 | D:5      | Gained mutation: You tend to lose your temper in combat. [mutagenic meat]
  4891 | D:5      | Gained mutation: Your mind is acute. (Int +2) [mutagenic meat]
  5004 | D:5      | Found a shadowy altar of Dithmenos.
  5167 | D:5      | Found a burning altar of Makhleb.
  5233 | D:6      | Reached skill level 5 in Fighting
  5233 | D:6      | Reached skill level 8 in Maces & Flails
  5404 | D:5      | Reached skill level 5 in Armour
  5564 | D:6      | Reached skill level 5 in Shields
  5730 | D:6      | Found a sand-covered staircase.
  5799 | Ossuary  | Entered an ossuary
  5950 | Ossuary  | Reached *** piety under Dithmenos
  6437 | D:6      | HP: 20/68 [disintegration (22)]
  6452 | D:6      | HP: 18/68 [human/club (2)]
  6754 | D:6      | Found a staircase to the Ecumenical Temple.
  6765 | Temple   | Entered the Ecumenical Temple
  6931 | Temple   | Fell from the grace of Dithmenos
  6931 | Temple   | Became a worshipper of Ru the Awakened
  7133 | D:7      | Reached skill level 9 in Maces & Flails
  7133 | D:7      | Reached XP level 10. HP: 56/76 MP: 10/10
  7419 | D:7      | HP: 37/76 [orc priest/divine providence (14)]
  7674 | D:6      | HP: 37/76 [orc warrior/halberd (11)]
  7843 | D:7      | Reached skill level 5 in Dodging
  8023 | D:7      | HP: 31/77 [orc priest/divine providence (12)]
  8027 | D:7      | HP: 4/77 [orc warrior/mace (13)]
  8031 | D:7      | Noticed a shadow demon
  8031 | D:7      | Noticed a shadow demon
  9019 | D:8      | Noticed a shadow demon
  9023 | D:8      | HP: 37/77 [shadow[the darkness of Dithmenos] (4)]
  9602 | D:8      | Gained mutation: You cannot study or use magical devices. [Ru sacrifice]
  9602 | D:8      | Reached * piety under Ru
  9602 | D:8      | Reached ** piety under Ru
 10253 | D:8      | Killed a shadow demon
 10338 | D:8      | Killed a shadow demon
 10532 | D:9      | Gained mutation: You are agile. (Dex +2) [mutagenic meat]
 10533 | D:9      | Gained mutation: You have a somewhat thin skeletal structure. (Dex +2, Stealth) [mutagenic meat]
 10535 | D:9      | Gained mutation: You are occasionally teleported next to monsters. [mutagenic meat]
 10536 | D:9      | Lost mutation: Your mind is acute. (Int +2) [mutagenic meat]
 10718 | D:9      | Reached skill level 11 in Maces & Flails
 10718 | D:9      | Reached XP level 11. HP: 86/86 MP: 11/11
 10927 | D:9      | Paralysed by a hornet for 2 turns
 10931 | D:9      | HP: 64/132 [poisoned by a hornet]
 10936 | D:9      | HP: 43/132 [poisoned by a hornet]
 10938 | D:9      | HP: 16/88 [poisoned by a hornet]
 10945 | D:9      | HP: 20/89 [adder (3)]
 11676 | D:9      | Reached XP level 12. HP: 95/95 MP: 12/12
 11753 | D:9      | Gained mutation: Scrolls take you a little longer to read. [mutagenic meat]
 11754 | D:9      | Gained mutation: You often lose your temper in combat. [mutagenic meat]
 11755 | D:9      | Gained mutation: You are very agile. (Dex +4) [mutagenic meat]
 11756 | D:9      | Gained mutation: You are surrounded by a mild repulsion field. (EV +2) [mutagenic meat]
 11757 | D:9      | Lost mutation: You are very agile. (Dex +4) [mutagenic meat]
 11917 | D:9      | Noticed an ogre mage
 11917 | D:9      | Noticed a two-headed ogre
 11917 | D:9      | Noticed a two-headed ogre
 11917 | D:9      | Noticed a two-headed ogre
 11917 | D:9      | Noticed a two-headed ogre
 11978 | D:8      | Noticed a two-headed ogre
 11991 | D:8      | Killed a two-headed ogre
 12136 | D:8      | Noticed a tengu warrior
 12502 | D:10     | Entered Level 10 of the Dungeon
 12582 | D:10     | Was forgiven by Dithmenos
 12903 | D:10     | Found a roughly hewn altar of Beogh.
 12967 | D:10     | Reached skill level 10 in Fighting
 13100 | D:10     | Noticed a queen ant
 13117 | D:10     | HP: 39/97 [queen ant (11)]
 13125 | D:10     | HP: 23/97 [queen ant (12)]
 13129 | D:10     | HP: 9/97 [poisoned by a queen ant]
 13562 | D:10     | Learned a level 2 spell: Blink
 13662 | D:10     | Gained mutation: You cannot be stealthy. [Ru sacrifice]
 13662 | D:10     | Reached *** piety under Ru
 13703 | D:10     | Got a scorched pewter ring
 13777 | D:10     | Identified the ring "Surilisi" {Fire rPois} (You found it on level 10 of the Dungeon)
 13831 | D:10     | Found a staircase to the Lair.
 13918 | D:10     | Killed a queen ant
 13918 | D:10     | Reached skill level 12 in Maces & Flails
 14498 | Lair:1   | Entered Level 1 of the Lair of Beasts
 14606 | Lair:1   | HP: 44/99 [blink frog (10)]
 14614 | Lair:1   | HP: 34/99 [blink frog (11)]
 14637 | Lair:1   | HP: 19/99 [blink frog (9)]
 14985 | Lair:1   | Reached XP level 13. HP: 82/105 MP: 13/13
 14992 | Lair:1   | HP: 52/105 [poisoned by a black mamba]
 14997 | Lair:1   | HP: 41/105 [poisoned by a black mamba]
 15002 | Lair:1   | HP: 35/105 [poisoned by a black mamba]
 15007 | Lair:1   | HP: 31/105 [poisoned by a black mamba]
 15012 | Lair:1   | HP: 29/105 [poisoned by a black mamba]
 15018 | Lair:1   | HP: 27/105 [poisoned by a black mamba]
 15024 | Lair:1   | HP: 27/105 [poisoned by a black mamba]
 15032 | Lair:1   | HP: 27/105 [poisoned by a black mamba]
 16094 | Lair:1   | Gained mutation: You cannot study or cast Earth magic. [Ru sacrifice]
 16094 | Lair:1   | Gained mutation: You cannot study or cast Necromancy magic. [Ru sacrifice]
 16094 | Lair:1   | Gained mutation: You cannot study or cast Charms magic. [Ru sacrifice]
 16094 | Lair:1   | Reached **** piety under Ru
 17604 | Lair:3   | Reached skill level 13 in Maces & Flails
 17954 | Lair:3   | Noticed a catoblepas
 17980 | Lair:3   | Killed a catoblepas
 18846 | Lair:4   | Gained mutation: Your casting is slightly disrupted. [Ru sacrifice]
 18914 | Lair:4   | Found a staircase to the Shoals.
 18919 | Lair:4   | Noticed a seven-headed hydra
 18945 | Lair:4   | Killed a seven-headed hydra
 19364 | Lair:4   | Found a hole to the Spider Nest.
 20139 | Lair:5   | Reached XP level 14. HP: 115/115 MP: 14/14
 20204 | Lair:5   | Found a frozen archway.
 20278 | IceCv    | Entered an ice cave
 20906 | IceCv    | Reached skill level 14 in Maces & Flails
 20949 | IceCv    | Noticed a frost giant
 20982 | IceCv    | HP: 33/116 [frost giant/battleaxe of freezing (30)]
 20993 | IceCv    | HP: 24/116 [yak (11)]
 21018 | IceCv    | HP: 50/116 [polar bear (1)]
 21025 | IceCv    | HP: 43/116 [polar bear (5)]
 21529 | IceCv    | Killed a frost giant
 21715 | IceCv    | Got a transparent lapis lazuli ring
 21718 | IceCv    | Identified the ring "Bauvvuy" {Ice Str+4 Dex+4} (You found it in an ice cave)
 21728 | IceCv    | Identified the +6 flail of Ashenzari {protect, Fragile Int+4 SInv} (You found it in an ice cave)
 22624 | Lair:6   | Entered Level 6 of the Lair of Beasts
 22639 | Lair:6   | Reached skill level 10 in Armour
 22725 | Lair:6   | Reached skill level 10 in Shields
 23575 | Lair:5   | Reached XP level 15. HP: 116/124 MP: 15/15
 24229 | Lair:6   | Found a viscous altar of Jiyva.
 24247 | Lair:6   | Found a staircase to the Slime Pits.
 24593 | Lair:6   | Reached skill level 15 in Maces & Flails
 26838 | D:12     | Found a staircase to the Orcish Mines.
 27311 | D:12     | Identified the +7 lajatang of Orhut {flame, MR- Dex+7} (You found it on level 12 of the Dungeon)
 27342 | D:12     | Gained mutation: You cannot drink potions while threatened. [Ru sacrifice]
 27342 | D:12     | Reached ***** piety under Ru
 27576 | D:12     | Identified Qoader's Reference Book on Supportive Conjuration
 27580 | D:12     | Learned a level 1 spell: Summon Butterflies
 28035 | Orc:1    | Entered Level 1 of the Orcish Mines
 28055 | Orc:1    | Found a roughly hewn altar of Beogh.
 28220 | Orc:1    | Reached XP level 16. HP: 128/134 MP: 16/16
 28385 | Orc:1    | Found Foudaihi's Assorted Antiques.
 28638 | Orc:2    | Entered Level 2 of the Orcish Mines
 28638 | Orc:2    | Found Godghunaa's Book Emporium.
 28835 | Orc:2    | Gained mutation: Your magical capacity is low. (-10% MP) [Ru sacrifice]
 28934 | Orc:2    | HP: 62/134 [orc priest/divine providence[an orc warlord] (13)]
 29592 | Orc:2    | Reached skill level 16 in Maces & Flails
 29761 | Orc:1    | HP: 61/134 [orc warlord/vampiric glaive (14)]
 30006 | Orc:2    | Reached skill level 15 in Fighting
 30128 | Orc:2    | Found Rasmon's Distillery.
 30137 | Orc:2    | Found Jefudal's Book Emporium.
 30160 | Orc:2    | Found Ohiokkeo's Antique Armour Boutique.
 30290 | Orc:2    | Bought a potion of mutation for 104 gold pieces
 30290 | Orc:2    | Lost mutation: Scrolls take you a little longer to read. [potion of mutation]
 30290 | Orc:2    | Lost mutation: You are agile. (Dex +2) [potion of mutation]
 30290 | Orc:2    | Gained mutation: You have an uncontrollable temper. [potion of mutation]
 30290 | Orc:2    | Gained mutation: Your muscles are strong. (Str +2) [potion of mutation]
 30302 | Orc:2    | Found Afapen's Antique Armour Shoppe.
 30312 | Orc:2    | Bought a pair of runed gloves for 172 gold pieces
 30312 | Orc:2    | Bought a spiked shield for 218 gold pieces
 30322 | Orc:2    | Identified the cursed +0 shield "Inwoer" {rN+++ rCorr Slay-4 SInv} (You bought it in a shop on level 2 of the Orcish Mines)
 30352 | Orc:2    | Bought a helmet for 112 gold pieces
 30453 | Orc:2    | Found a staircase to the Elven Halls.
 30455 | Orc:2    | Found Ufumutin's Quality Used Wands.
 30768 | Orc:2    | Bought a manual of Maces & Flails for 1766 gold pieces
 31075 | D:13     | Found Dacuitas's Food Shoppe.
 31148 | D:13     | Found Wuharet's Gadget Emporium.
 31216 | D:13     | Found a gate to the Vaults.
 32736 | D:14     | Gained mutation: Your casting is disrupted. [Ru sacrifice]
 32736 | D:14     | Reached ****** piety under Ru
 32771 | D:14     | Reached XP level 17. HP: 122/143 MP: 15/15
 33051 | D:14     | Found Zuku's Magic Scroll Boutique.
 33054 | D:14     | Bought a scroll of enchant armour for 127 gold pieces
 33268 | D:15     | Entered Level 15 of the Dungeon
 33395 | D:15     | Gained mutation: You are partially covered in icy blue scales. (AC +2) [mutagenic meat]
 33538 | D:15     | HP: 68/144 [orc warrior/war axe[an orc knight] (9)]
 34108 | D:15     | Reached skill level 17 in Maces & Flails
 34278 | D:15     | Found a staircase to the Depths.
 35127 | Spider:1 | Entered Level 1 of the Spider Nest
 35299 | Spider:1 | HP: 68/145 [redback (11)]
 35304 | Spider:1 | HP: 49/145 [poisoned by a redback]
 35309 | Spider:1 | HP: 37/145 [poisoned by a redback]
 35314 | Spider:1 | HP: 41/145 [poisoned by a redback]
 35320 | Spider:1 | HP: 39/145 [poisoned by a redback]
 35325 | Spider:1 | HP: 38/145 [poisoned by a redback]
 35330 | Spider:1 | HP: 37/145 [poisoned by a redback]
 35337 | Spider:1 | HP: 38/145 [poisoned by a redback]
 35345 | Spider:1 | HP: 38/145 [poisoned by a redback]
 35370 | Spider:1 | HP: 52/145 [redback (3)]
 35650 | Spider:1 | You fall through a shaft!
 36305 | Spider:2 | Reached XP level 18. HP: 153/153 MP: 16/16
 38705 | Spider:4 | Entered Level 4 of the Spider Nest
 38886 | Spider:4 | Reached skill level 18 in Maces & Flails
 39267 | Spider:4 | HP: 71/155 [emperor scorpion (17)]
 39272 | Spider:4 | HP: 54/155 [poisoned by an emperor scorpion]
 39277 | Spider:4 | HP: 46/155 [poisoned by an emperor scorpion]
 39282 | Spider:4 | HP: 41/155 [poisoned by an emperor scorpion]
 39288 | Spider:4 | HP: 37/155 [poisoned by an emperor scorpion]
 39293 | Spider:4 | HP: 31/155 [poisoned by an emperor scorpion]
 39300 | Spider:4 | HP: 27/155 [poisoned by an emperor scorpion]
 39309 | Spider:4 | HP: 30/155 [poisoned by an emperor scorpion]
 39315 | Spider:4 | HP: 31/155 [poisoned by an emperor scorpion]
 39738 | Spider:4 | Got a gossamer rune of Zot
 39966 | Spider:4 | HP: 73/155 [jumping spider (6)]
 40277 | Spider:4 | HP: 71/156 [jumping spider (11)]
 40284 | Spider:4 | HP: 42/156 [wolf spider (6)]
 40318 | Spider:4 | HP: 61/156 [demonic crawler (4)]
 40688 | Spider:4 | Reached XP level 19. HP: 162/162 MP: 17/17
 41176 | Shoals:1 | Entered Level 1 of the Shoals
 43487 | Shoals:4 | Entered Level 4 of the Shoals
 44007 | Shoals:4 | Reached skill level 19 in Maces & Flails
 44024 | Shoals:4 | Noticed Ilsuiw
 44046 | Shoals:4 | Killed Ilsuiw
 44046 | Shoals:4 | Reached skill level 10 in Dodging
 44213 | Shoals:4 | HP: 82/164 [water nymph/the raging water (11)]
 44218 | Shoals:4 | HP: 62/164 [drowned by a water nymph (13)]
 44224 | Shoals:4 | HP: 57/164 [snapping turtle (1)]
 44824 | Shoals:4 | HP: 80/164 [wind drake/the air (19)]
 45044 | Shoals:4 | Reached XP level 20. HP: 170/172 MP: 18/18
 45112 | Shoals:4 | Got a barnacled rune of Zot
 45950 | Orc:2    | Bought a glowing chain mail for 187 gold pieces
 46079 | Vaults:1 | Entered Level 1 of the Vaults
 46119 | Vaults:1 | Noticed vineage's ghost (adept GrFi)
 46170 | Vaults:1 | Killed vineage's ghost
 47374 | Vaults:1 | Identified the +7 chain mail of the Gate {-Cast rElec Dex-2 Stlth+} (You found it on level 1 of the Vaults)
 47965 | Vaults:2 | Reached XP level 21. HP: 181/181 MP: 18/18
 47993 | Vaults:2 | Reached skill level 20 in Maces & Flails
 49130 | Vaults:2 | Reached skill level 15 in Armour
 49511 | Vaults:3 | Reached skill level 15 in Shields
 49677 | Vaults:3 | Found a staircase to the Crypt.
 49919 | Vaults:3 | Reached XP level 22. HP: 192/192 MP: 19/19
 52743 | Vaults:5 | Entered Level 5 of the Vaults
 53151 | Vaults:5 | Reached XP level 23. HP: 159/200 MP: 11/20
 53402 | Vaults:4 | Reached skill level 21 in Maces & Flails
 53491 | Vaults:5 | Paralysed by a ghostly ogre mage for 3 turns
 53503 | Vaults:5 | HP: 99/200 [deep elf high priest/divine providence (10)]
 53508 | Vaults:5 | HP: 63/200 [poisoned by an ogre mage (bolt of poison)]
 53510 | Vaults:5 | HP: 25/200 [deep elf mage/bolt of fire (16)]
 53515 | Vaults:4 | HP: 23/200 [poisoned by an ogre mage (bolt of poison)]
 53521 | Vaults:4 | HP: 21/200 [poisoned by an ogre mage (bolt of poison)]
 53527 | Vaults:4 | HP: 21/200 [poisoned by an ogre mage (bolt of poison)]
 53535 | Vaults:4 | HP: 22/200 [poisoned by an ogre mage (bolt of poison)]
 53543 | Vaults:4 | HP: 24/200 [poisoned by an ogre mage (bolt of poison)]
 54122 | Depths:1 | Entered Level 1 of the Depths
 54196 | Depths:1 | HP: 99/200 [ice dragon (4)]
 54570 | Depths:1 | HP: 72/200 [lich/crystal spear (68)]
 55051 | Depths:1 | Noticed Saint Roka
 55073 | Depths:1 | Killed Saint Roka
 55274 | Depths:1 | Reached skill level 22 in Maces & Flails
 55598 | Depths:1 | Found a gateway to Hell.
 56112 | Depths:2 | Paralysed by a sphinx for 5 turns
 56352 | Depths:2 | Reached XP level 24. HP: 208/208 MP: 20/20
 56420 | Depths:2 | Reached skill level 23 in Maces & Flails
 57019 | Depths:2 | Found a gateway to a ziggurat.
 57285 | Depths:2 | HP: 99/208 [storm dragon/bolt of lightning (25)]
 57314 | Depths:2 | Identified the +6 scale mail "Reemaymp" {rElec rPois Dex+7} (You found it on level 2 of the Depths)
 57744 | Depths:3 | Reached skill level 24 in Maces & Flails
 57888 | Depths:3 | Paralysed by a sphinx for 5 turns
 57999 | Depths:3 | HP: 94/208 [flayed ghost/flay_damage (33)]
 58329 | Depths:3 | Noticed a caustic shrike
 58334 | Depths:3 | Killed a caustic shrike
 58520 | Depths:3 | Found a one-way gate leading to the halls of Pandemonium.
 58536 | Depths:3 | Noticed a caustic shrike
 58536 | Depths:3 | Noticed a caustic shrike
 58537 | Depths:3 | Noticed a caustic shrike
 58539 | Depths:3 | Noticed a caustic shrike
 58560 | Depths:3 | Killed a caustic shrike
 58573 | Depths:3 | Killed a caustic shrike
 58587 | Depths:3 | Killed a caustic shrike
 58589 | Depths:3 | Killed a caustic shrike
 58876 | Depths:3 | Reached XP level 25. HP: 214/214 MP: 20/20
 59204 | Depths:3 | Reached skill level 25 in Maces & Flails
 59427 | Depths:4 | Found a one-way gate to the infinite horrors of the Abyss.
 59584 | Depths:4 | Found a runed door.
 59686 | Depths:4 | Noticed a juggernaut
 59706 | Depths:4 | Killed a juggernaut
 59740 | Depths:4 | Identified the +4 chain mail of Segigais {Str+6} (You found it on level 4 of the Depths)
 59756 | Depths:4 | Got a bound tin ring
 59757 | Depths:4 | Identified the ring "Wyirchio" {*Tele MR+++ Int+4} (You found it on level 4 of the Depths)
 59758 | Depths:4 | Identified the Compendium of the Entourage and Flight
 59836 | Depths:4 | Reached skill level 26 in Maces & Flails
 59840 | Depths:4 | Found Yboel's Distillery.
 60022 | Depths:4 | Bought a potion of mutation for 168 gold pieces
 60022 | Depths:4 | Lost mutation: You have an uncontrollable temper. [potion of mutation]
 60022 | Depths:4 | Lost mutation: Your muscles are strong. (Str +2) [potion of mutation]
 60022 | Depths:4 | Lost mutation: You often lose your temper in combat. [potion of mutation]
 60022 | Depths:4 | Lost mutation: You are surrounded by a mild repulsion field. (EV +2) [potion of mutation]
 60022 | Depths:4 | Lost mutation: You tend to lose your temper in combat. [potion of mutation]
 60022 | Depths:4 | Gained mutation: You possess an exceptional clarity of mind. [potion of mutation]
 60022 | Depths:4 | Gained mutation: Your muscles are strong. (Str +2) [potion of mutation]
 60552 | Depths:5 | Entered Level 5 of the Depths
 60960 | Depths:5 | HP: 107/214 [poisoned by a swamp dragon (poison gas)]
 60965 | Depths:5 | HP: 103/214 [poisoned by a swamp dragon (poison gas)]
 60990 | Depths:5 | HP: 107/214 [poisoned by a swamp dragon (poison gas)]
 60995 | Depths:5 | HP: 105/214 [poisoned by a swamp dragon (poison gas)]
 61000 | Depths:5 | HP: 105/214 [poisoned by a swamp dragon (poison gas)]
 61005 | Depths:5 | HP: 105/214 [poisoned by a swamp dragon (poison gas)]
 61012 | Depths:5 | HP: 106/214 [poisoned by a swamp dragon (poison gas)]
 61086 | Depths:5 | HP: 101/214 [purple draconian scorcher/damnation (36)]
 61403 | Depths:5 | Reached XP level 26. HP: 198/222 MP: 20/20
 61490 | Depths:5 | Found a corrupted altar of Lugonu.
 61863 | Depths:5 | Found a gate to the Realm of Zot.
 62553 | Slime:1  | Entered Level 1 of the Pits of Slime
 62623 | Slime:1  | Reached skill level 27 in Maces & Flails
 63079 | Slime:5  | Entered Level 5 of the Pits of Slime
 63143 | Slime:5  | Gained mutation: Scrolls take you a little longer to read. [a shining eye]
 63210 | Slime:5  | HP: 102/221 [slime creature (13)]
 63218 | Slime:5  | HP: 66/222 [acid (2)]
 63226 | Slime:5  | Noticed the Royal Jelly
 63299 | Slime:5  | HP: 97/222 [acid blob/splash of acid (2)]
 63304 | Slime:5  | HP: 90/222 [acid (2)]
 63513 | Slime:5  | Found a viscous altar of Jiyva.
 63543 | Slime:5  | Paralysed by a floating eye for 4 turns
 63663 | Slime:5  | Killed the Royal Jelly
 63673 | Slime:5  | Identified the Catalogue of Burning Intoxication
 63679 | Slime:5  | Got a slimy rune of Zot
 63719 | Slime:5  | Identified the cursed +0 plate armour of Generosity {MP+9} (You found it on level 5 of the Pits of Slime)
 64395 | Zot:1    | Entered Level 1 of the Realm of Zot
 64424 | Depths:5 | HP: 109/223 [poisoned by a green draconian (poison gas)]
 64429 | Depths:5 | HP: 88/223 [poisoned by a green draconian (poison gas)]
 64434 | Depths:5 | HP: 75/223 [poisoned by a green draconian (poison gas)]
 64439 | Depths:5 | HP: 65/223 [poisoned by a green draconian (poison gas)]
 64444 | Depths:5 | HP: 59/223 [poisoned by a green draconian (poison gas)]
 64449 | Depths:5 | HP: 57/223 [poisoned by a green draconian (poison gas)]
 64454 | Depths:5 | HP: 54/223 [poisoned by a green draconian (poison gas)]
 64460 | Depths:5 | HP: 54/223 [poisoned by a green draconian (poison gas)]
 64468 | Depths:5 | HP: 55/223 [poisoned by a green draconian (poison gas)]
 64476 | Depths:5 | HP: 56/223 [poisoned by a green draconian (poison gas)]
 64878 | Zot:1    | Identified a scroll of acquirement
 65003 | Zot:1    | Reached XP level 27. HP: 221/231 MP: 20/20
 65727 | Zot:5    | Entered Level 5 of the Realm of Zot
 65989 | Zot:5    | Noticed an ancient lich
 66005 | Zot:5    | Killed an ancient lich
 66284 | Zot:5    | Noticed an ancient lich
 66295 | Zot:5    | Killed an ancient lich
 66322 | Zot:5    | Noticed an orb of fire
 66346 | Zot:5    | Killed an orb of fire
 66358 | Zot:5    | HP: 117/235 [Killer Klown (3)]
 66390 | Zot:5    | HP: 88/235 [electric golem/bolt of lightning (39)]
 66396 | Zot:5    | HP: 66/235 [electric golem/bolt of lightning (25)]
 66397 | Zot:5    | Killed from afar by an electric golem

Skill      XL: |  1  2  3  4  5  6  7  8  9 10 11 12 13 14 15 16 17 18 19 20 21 22 23 24 25 26 27 |
---------------+----------------------------------------------------------------------------------+-----
Maces & Flails | 3 5 6 7 9 11 12 13 14 15 16 17 18 19 20 22 24 26 27 | 27.0
Dodging        | 1 2 3 4 6 7 9 10 11 12 13 | 13.6
Fighting       | 4 5 8 9 10 12 13 14 15 16 17 18 19 20 21 22 23 | 23.1
Armour         | 4 5 7 8 9 10 11 12 13 14 15 16 17 | 17.4
Shields        | 4 5 7 8 9 10 11 12 13 14 15 16 17 | 17.3

Action                   |  1- 3 |  4- 6 |  7- 9 | 10-12 | 13-15 | 16-18 | 19-21 | 22-24 | 25-27 || total
-------------------------+-------+-------+-------+-------+-------+-------+-------+-------+-------++-------
Melee: Flail             |    73 |   150 |   447 |  1091 |  1896 |   803 |       |       |       ||  4460
       Whip              |       |       |       |     9 |       |       |       |       |       ||     9
       Morningstar       |       |       |       |       |       |   815 |  1674 |  1323 |  1520 ||  5332
       Demon whip        |       |       |       |       |       |       |       |       |   154 ||   154
Invok: Sacrifice Artific |       |       |       |     1 |       |       |       |       |       ||     1
       Sacrifice Stealth |       |       |       |     1 |       |       |       |       |       ||     1
       Sacrifice Essence |       |       |       |       |     1 |     2 |       |       |       ||     3
       Sacrifice Arcana  |       |       |       |       |     1 |       |       |       |       ||     1
       Draw Out Power    |       |       |       |       |     2 |       |       |       |       ||     2
       Reject Sacrifices |       |       |       |       |     1 |       |       |       |       ||     1
       Sacrifice Drink   |       |       |       |       |     1 |       |       |       |       ||     1
       Apocalypse        |       |       |       |       |       |     7 |     4 |     3 |     7 ||    21
       Power Leap        |       |       |       |       |       |       |     1 |       |       ||     1
  Use: Potion            |     1 |     3 |       |     9 |     1 |     1 |       |       |     8 ||    23
       Scroll            |       |       |    15 |     6 |    19 |    19 |     9 |    12 |    24 ||   104
 Stab: Distracted        |       |       |       |     4 |    14 |    18 |     7 |    16 |    11 ||    70
       Sleeping          |       |       |       |     2 |       |       |       |       |       ||     2
       Invisible         |       |       |       |     1 |     7 |     9 |    10 |     9 |    11 ||    47
       Paralysed         |       |       |       |       |       |    19 |     8 |     8 |    21 ||    56
       Petrified         |       |       |       |       |       |       |       |     2 |       ||     2
       Petrifying        |       |       |       |       |       |       |       |     1 |       ||     1
  Eat: Chunk             |       |     4 |     8 |    30 |    45 |    35 |    32 |    27 |    11 ||   192
       Meat ration       |       |     1 |       |       |       |       |       |       |     4 ||     5
       Bread ration      |       |       |     1 |     2 |       |     3 |       |       |       ||     6
       Fruit             |       |       |       |       |     3 |     6 |       |     4 |     1 ||    14
       Royal jelly       |       |       |       |       |       |       |       |       |     2 ||     2
Armor: Scale mail        |    32 |    28 |    88 |   106 |       |       |       |       |       ||   254
       Skin              |       |    24 |       |       |       |       |       |       |       ||    24
       Plate armour      |       |       |       |   149 |   517 |   639 |   295 |   205 |   559 ||  2364
       Chain mail        |       |       |       |       |       |       |   145 |   121 |       ||   266
Dodge: Dodged            |    23 |    47 |   125 |   274 |   499 |   601 |   571 |   332 |   459 ||  2931
Block: Shield            |    32 |    77 |   258 |   796 |  1346 |  1164 |   825 |       |       ||  4498
       Reflection        |       |       |     1 |    20 |    25 |    13 |   131 |    95 |    54 ||   339
       Large shield      |       |       |       |       |       |       |   640 |  1370 |  1770 ||  3780
